 Dungeon Sprint DCSS version 0.28-a0-422-gd71735cc25 (webtiles) character file.

Game seed: 12024337497054210732

4290 Zeld the Cleaver (level 10, 0/102 (106) HPs)
             Began as a Deep Dwarf Monk on Sept 8, 2021.
             Was the Champion of Makhleb.
             Slain by a red devil (5 damage)
             ... while petrified by Rijos
             ... in the Dungeon (Sprint V: "Ziggurat Sprint").
             The game lasted 00:02:46 (1054 turns).

Zeld the Cleaver (Deep Dwarf Monk)                  Turns: 1054, Time: 00:02:46

HP:   0/102 (106)   AC: 25    Str: 30    XL:     10   Next: 11%
MP:   3/3           EV:  2    Int: 11    God:    Makhleb [******]
Gold: 0             SH:  0    Dex: 15    Spells: 9/9 levels left

rFire   . . .      SeeInvis +   a - +14 obsidian axe {vorpal, Mesm Drain Fly SInv}
rCold   . . .      Faith    .   j - +3 tower shield
rNeg    + + +      Spirit   .   i - +5 crystal plate armour
rPois   ∞          Reflect  .   (no helmet)
rElec   .          Harm     .   (no cloak)
rCorr   .          Rampage  .   (no gloves)
Will    +....      NoTele   +   (no boots)
Stlth   ..........              (no amulet)
HPRegen 0.00/turn               B - +6 ring of strength
MPRegen 0.08/turn               A - +6 ring of strength

@: petrified, spiked, flying, mesmerised, lightly drained
A: damage resistance, heal wounds, sense surroundings 2, no regeneration
a: Heal Wounds, Renounce Religion, Minor Destruction, Lesser Servant of Makhleb,
Major Destruction, Greater Servant of Makhleb


You were in the Dungeon.
You worshipped Makhleb.
Makhleb was exalted by your worship.
You visited 1 branch

Inventory:

Hand Weapons
 a - the +14 obsidian axe (weapon) {vorpal, Mesm Drain Fly SInv}
   (You found it in the Dungeon)

   It inflicts extra damage upon your enemies.
   It occasionally summons demons to assist the wielder when it strikes in
   combat.
   Its wielder is mesmerised by any visible foes.
   It cannot be unequipped while any foes are visible.
   SInv:      It lets you see invisible.
   Fly:       It grants you flight.
   Drain:     It drains your maximum health when unequipped.
Armour
 i - a +5 crystal plate armour (worn)
 j - a +3 tower shield (worn)
Jewellery
 b - a ring of resist corrosion
 k - a ring of fire
 t - a ring of poison resistance
 v - a ring of fire
 w - a ring of magical power
 x - a ring of fire
 y - a +6 ring of strength
 A - a +6 ring of strength (right hand)
 B - a +6 ring of strength (left hand)
Wands
 D - a wand of mindburst (7)
 E - a wand of iceblast (7)
 F - a wand of acid (7)
Scrolls
 h - 4 scrolls of blinking
 l - 4 scrolls of amnesia
 m - 8 scrolls of fog
 n - a scroll of holy word
 o - 5 scrolls of identify
 p - 2 scrolls of fear
Potions
 c - 10 potions of curing
 d - 10 potions of heal wounds
 e - 10 potions of haste
 f - 7 potions of magic
 g - 3 potions of berserk rage
 q - 2 potions of brilliance
 r - 2 potions of invisibility
 s - 4 potions of resistance
 u - 5 potions of might
Miscellaneous
 C - a lightning rod (4/4)


   Skills:
 * Level 11.9 Fighting
 * Level 13.9 Axes
 + Level 10.0 Armour
 + Level 10.5 Dodging
 - Level 2.4 Stealth
 + Level 10.0 Shields


You had 9 spell levels left.
You didn't know any spells.
Your spell library contained the following spells:

 Spells                   Type           Power      Damage    Failure   Level
 Animate Skeleton         Necr           0%         N/A       100%        1
 Apportation              Tloc           0%         N/A       100%        1
 Summon Small Mammal      Summ           0%         N/A       100%        1
 Dazzling Flash           Conj/Hex       0%         N/A       100%        3
 Iskenderun's Mystic Bla  Conj/Tloc      0%         2d3       100%        4
 Olgreb's Toxic Radiance  Pois           0%         N/A       100%        4
 Petrify                  Tmut/Erth      0%         N/A       100%        4
 Alistair's Intoxication  Tmut/Pois      0%         N/A       100%        5
 Borgnjor's Vile Clutch   Necr/Erth      0%         N/A       100%        5
 Eringya's Noxious Bog    Tmut/Pois      0%         N/A       100%        6
 Starburst                Conj/Fire      0%         6d3       100%        6
 Ozocubu's Refrigeration  Ice            0%         4d5       100%        7
 Ignition                 Fire           0%         3d3       100%        8
 Chain Lightning          Conj/Air       0%         N/A       100%        9
 Fire Storm               Conj/Fire      0%         5d1       100%        9
 Shatter                  Erth           0%         3d5*      100%        9


Dungeon Overview and Level Annotations

Branches:
Dungeon (1/1)

Altars:
Ashenzari
Cheibriados
Dithmenos
Elyvilon
Fedhas
Gozag
Hepliaklqana
Kikubaaqudgha
Makhleb
Nemelex Xobeh
Okawaru
Qazlal
Ru
Sif Muna
Trog
Uskayaw
Vehumet
Wu Jian
Xom
Yredelemnul
Zin
The Shining One
Beogh
Jiyva
Lugonu

Annotations:
D 1 transporter


Innate Abilities, Weirdness & Mutations

You are resistant to damage.
You can heal yourself by infusing magical energy.
You passively map the area around you.
You do not regenerate.


Message History

The quasit bites you but does no damage.
The quasit claws you but does no damage.
The quasit barely misses you.
The white imp hits you but does no damage.
Rijos hits you but does no damage.
The shadow dragon bites you but does no damage.
The shadow dragon claws you but does no damage.
The shadow dragon claws you! The iron dragon bites you.
The iron dragon claws you but does no damage.
The iron dragon tramples you but does no damage.
Weiggowk hits you. Space warps horribly around you!
The quasit bites you but does no damage.
The quasit claws you but does no damage. x2
The red devil hits you with a +0 demon trident of electrocution!!
Barbed spikes become lodged in your body.
You are electrocuted!!
* * * LOW HITPOINT WARNING * * *
The white imp gestures at you.
The puff of frost hits you but does no damage.
Rijos hits you. Rijos burns you.
The shadow dragon bites you but does no damage.
The shadow dragon claws you but does no damage.
The shadow dragon claws you.
* * * LOW HITPOINT WARNING * * *
The iron dragon bites you!
* * * LOW HITPOINT WARNING * * *
The iron dragon claws you but does no damage.
The iron dragon tramples you.
* * * LOW HITPOINT WARNING * * *
You hold your ground!
Weiggowk hits you!!
* * * LOW HITPOINT WARNING * * *
Space bends around you.
* * * LOW HITPOINT WARNING * * *
You have turned to stone.
Visions of slaying Rijos flood into your mind.
The quasit bites you.
The quasit claws you but does no damage. x2
Rijos hits you but does no damage.
The red devil hits you with a +0 demon trident of electrocution!
You die...

▓▓▓▓▓▓▓▓▓▓▓▓▓▓▓▓▓▓▓
, ©8, ▓...8©8...▓ ,
,▓..::|[|..▓
,▓...:=}=..▓ , ,
▓.........▓ ,, ,,,
▓.........▓ , ,
▓......5..▓ ,, ,,
▓.....&D5.▓ ,, ,
,▓....DD@&.▓ * ,
▓....5.45.▓ , ©
▓▓▓▓▓▓▓▓▓▓▓ * ** *
* © ,, * ,, , ,, ,
, ,, , ,, ,, ,,, ,
, , , , ,


You could see Rijos (mesmerising), Weiggowk, a shadow dragon (summoned), an iron
dragon (summoned), a golden dragon (summoned), a red devil, 2 quasits, a crimson
imp and a white imp.

Vanquished Creatures
  A sixfirhy (D)
  A black mamba (D)
  4 air elementals (D)
  2 nagas (D)
  3 water moccasins (D)
  3 necrophages (D)
  2 phantoms (D)
  A wight (D)
  2 crimson imps (D)
  An iron imp (D)
  4 adders (D)
  3 shadow imps (D)
  A white imp (D)
  An adder skeleton (D)
  A ball python (D)
  A ball python skeleton (D)
  A ball python zombie (D)
  A giant cockroach zombie (D)
33 creatures vanquished.

Vanquished Creatures (collateral kills)
  An orange demon (D)
  3 wind drakes (D)
  4 air elementals (D)
  A water moccasin (D)
  A crimson imp (D)
  An iron imp (D)
  A white imp (D)
  A ball python (D)
13 creatures vanquished.

Vanquished Creatures (others)
  A crimson imp (D)
1 creature vanquished.

Grand Total: 47 creatures vanquished

Notes
Turn   | Place    | Note
-------+----------+-------------------------------------------
     0 | D        | Zeld the Deep Dwarf Monk began the quest for the Orb.
     0 | D        | Reached XP level 1. HP: 20/20 MP: 1/1
     3 | D        | Found a blossoming altar of Fedhas.
     3 | D        | Found the +6 Majin-Bo {vamp, MP+6 Int+6}
     3 | D        | Found the +9 heavy crossbow "Sniper" {vorpal, Acc+∞ SInv}
     3 | D        | Found the +10 dark maul {vorpal}
     3 | D        | Found the +15 Maxwell's patent armour {-Cast -Tele rElec
                  | Will+ rCorr}
     3 | D        | Found the +18 shield of the Gong {rElec rN+ Will+ EV-5}
     3 | D        | Found the +14 obsidian axe {vorpal, Mesm Drain Fly SInv}
     3 | D        | Found the +7 great mace "Firestarter" {inner flame, rF++}
     3 | D        | Found the +6 shillelagh "Devastator" {shatter}
     3 | D        | Found the +11 plutonium sword {Contam Stlth-}
     3 | D        | Found the +8 lance "Wyrmbane" {slay drac, rPois rF+ rC+
                  | AC+3}
     3 | D        | Found the +9 sword of Zonguldrok {reap}
     3 | D        | Found the +13 scythe of Curses {drain, Drain}
     3 | D        | Found the +5 sword of Power {vorpal}
     3 | D        | Found the +7 mace of Variability {chain chaos}
     3 | D        | Found the +7 Singing Sword {vorpal, sonic wave}
     3 | D        | Found the +8 storm bow {elec, penet}
     5 | D        | Found a viscous altar of Jiyva.
     5 | D        | Found a hazy altar of Hepliaklqana.
     5 | D        | Found a transporter.
     5 | D        | Found an opulent altar of Gozag.
     5 | D        | Found an ancient bone altar of Kikubaaqudgha.
     5 | D        | Found a corrupted altar of Lugonu.
     9 | D        | Found a burning altar of Makhleb.
    10 | D        | Found a sacrificial altar of Ru.
    10 | D        | Found a stormy altar of Qazlal.
    10 | D        | Found a shimmering blue altar of Sif Muna.
    10 | D        | Found an iron altar of Okawaru.
    10 | D        | Found a bloodstained altar of Trog.
    10 | D        | Found a sparkling altar of Nemelex Xobeh.
    76 | D        | Became a worshipper of Makhleb the Destroyer
    76 | D        | Reached * piety under Makhleb
    76 | D        | Reached ** piety under Makhleb
    79 | D        | Reached skill level 5 in Axes
    79 | D        | Reached XP level 2. HP: 31/31 MP: 2/2
    98 | D        | Entered arena 2.
    98 | D        | Noticed a necrophage
    98 | D        | Found a transporter.
   100 | D        | Killed a necrophage
   101 | D        | Reached skill level 5 in Fighting
   101 | D        | Reached skill level 6 in Axes
   101 | D        | Reached skill level 5 in Dodging
   101 | D        | Reached XP level 3. HP: 39/39 MP: 3/3
   101 | D        | Reached XP level 4. HP: 46/46 MP: 4/4
   109 | D        | Entered arena 3.
   109 | D        | Noticed a naga
   109 | D        | Found a transporter.
   120 | D        | Killed a naga
   120 | D        | Reached *** piety under Makhleb
   121 | D        | Reached skill level 8 in Axes
   121 | D        | Reached XP level 5. HP: 26/56 MP: 5/5
   457 | D        | Entered arena 4.
   457 | D        | Noticed an air elemental
   457 | D        | Noticed an air elemental
   457 | D        | Noticed an air elemental
   457 | D        | Noticed an air elemental
   457 | D        | Found a transporter.
   457 | D        | Paralysed by an air elemental for 1 turns
   459 | D        | Paralysed by an air elemental for 1 turns
   460 | D        | Killed an air elemental
   461 | D        | Reached skill level 9 in Axes
   461 | D        | Reached skill level 5 in Armour
   461 | D        | Reached skill level 5 in Shields
   461 | D        | Reached XP level 6. HP: 32/66 MP: 6/6
   462 | D        | Killed an air elemental
   462 | D        | Paralysed by an air elemental for 1 turns
   463 | D        | Reached XP level 7. HP: 41/74 MP: 6/6
   463 | D        | Killed an air elemental
   464 | D        | Reached skill level 10 in Axes
   464 | D        | Killed an air elemental
   464 | D        | Reached **** piety under Makhleb
   635 | D        | Entered arena 5.
   635 | D        | Found a transporter.
   641 | D        | Reached XP level 8. HP: 54/85 MP: 7/7
   647 | D        | Entered arena 6.
   647 | D        | Found a transporter.
   649 | D        | Reached ***** piety under Makhleb
   650 | D        | Reached skill level 11 in Axes
   660 | D        | Entered arena 7.
   660 | D        | Noticed a black mamba
   661 | D        | Found a transporter.
   664 | D        | Killed a black mamba
   666 | D        | Reached skill level 10 in Fighting
   669 | D        | Reached ****** piety under Makhleb
   679 | D        | Entered arena 8.
   679 | D        | Noticed an orange demon
   680 | D        | Found a transporter.
   684 | D        | Killed an orange demon
   685 | D        | Reached skill level 12 in Axes
   685 | D        | Gained mutation: You passively map the area around you.
                  | [Deep Dwarf growth]
   685 | D        | Reached XP level 9. HP: 81/94 MP: 8/8
   694 | D        | Entered arena 9.
   694 | D        | Noticed a wind drake
   694 | D        | Noticed a wind drake
   694 | D        | Noticed a wind drake
   694 | D        | Paralysed by an air elemental for 1 turns
   695 | D        | Found a transporter.
   696 | D        | Paralysed by an air elemental for 1 turns
   698 | D        | Paralysed by an air elemental for 1 turns
   701 | D        | Paralysed by an air elemental for 1 turns
   704 | D        | Paralysed by an air elemental for 1 turns
   706 | D        | Paralysed by an air elemental for 1 turns
   709 | D        | Reached skill level 13 in Axes
   710 | D        | Killed a wind drake
   712 | D        | Killed a wind drake
   712 | D        | Killed a wind drake
   713 | D        | Reached skill level 10 in Dodging
  1010 | D        | Entered arena 10.
  1011 | D        | Found a transporter.
  1026 | D        | Got the Grimoire of the Mutagenic Volcanoes
  1041 | D        | Entered arena 11.
  1041 | D        | Noticed a red devil
  1041 | D        | Noticed Weiggowk the pandemonium lord
  1041 | D        | Noticed a sixfirhy
  1041 | D        | Noticed Rijos the pandemonium lord
  1044 | D        | Killed a sixfirhy
  1045 | D        | Reached skill level 10 in Armour
  1045 | D        | Reached skill level 10 in Shields
  1045 | D        | Reached XP level 10. HP: 106/106 MP: 5/5
  1045 | D        | Noticed a shadow dragon
  1045 | D        | Found a transporter.
  1050 | D        | Noticed an iron dragon
  1053 | D        | Noticed a golden dragon
  1053 | D        | HP: 5/102 [Weiggowk the pandemonium lord (3)]
  1054 | D        | Slain by a red devil

Illustrated notes

Levels and vault maps discovered:
D:        sprint_v [room_start, room_1, room_2, room_3, room_4, room_5, room_6,
          room_7, room_8, room_9, room_10, room_11, room_12, room_13, room_14,
          room_15, room_16, room_17, room_18, room_19, room_20, room_21,
          room_22, room_23, room_24, room_25, room_26, room_27]

Skill      XL: |  1  2  3  4  5  6  7  8  9 |
---------------+----------------------------+-----
Fighting       | 4 5 6 7 8 9 10 11 | 11.9
Axes           | 5 6 8 9 10 12 13 | 13.9
Armour         | 2 3 4 5 6 7 8 10 | 10.0
Dodging        | 4 5 6 7 8 9 10 | 10.5
Shields        | 2 3 4 5 6 7 8 10 | 10.0
Stealth        | |  2.4

Action                   |  1- 3 |  4- 6 |  7- 9 | 10-12 || total
-------------------------+-------+-------+-------+-------++-------
Melee: Broad axe         |     1 |    13 |    33 |     1 ||    48
Invok: Greater Servant o |       |       |     1 |       ||     1
 Abil: Heal Wounds       |       |     3 |     9 |     6 ||    18
  Use: Potion            |     1 |       |       |       ||     1
Armor: Crystal plate arm |     3 |    28 |    72 |    69 ||   172
Dodge: Dodged            |       |     3 |    12 |    14 ||    29
Block: Tower shield      |     1 |    21 |    52 |    26 ||   100

Table legend: (Time is in decaauts)
 A = Elapsed time spent in this place.
 B = Non-inter-level travel time spent in this place.
 C = Inter-level travel time spent in this place.
 D = Time resting spent in this place.
 E = Time spent auto-exploring this place.
 F = Levels seen in this place.
 G = Mean time per level.
                   A        B        C        D        E       F      G
               +--------+--------+--------+--------+--------+-----+--------+
         Total |   1073 |   1069 |      4 |    778 |      9 |   1 | 1073.0 |
       Dungeon |   1073 |   1069 |      4 |    778 |      9 |   1 | 1073.0 |
               +--------+--------+--------+--------+--------+-----+--------+

Top non-repeatable levels by time:
       D: 1073 daAuts
